NWL (28 & UNDER)
RED DEER WRANGLERS @ CULVER CITY EXTRAS
08/15/2027
 
TOP OF THE 1ST
Red Deer Wranglers batting - Pitching for Culver City Extras : RHP Bill Chase
Pitching: RHP Bill Chase
Batting: RHB Art Cameron 0-0: Ball
1-0: Ball
2-0: Foul Ball, location: 2F
2-1: Ground out 4-3 (Groundball, 4)
Batting: LHB Jorge Olvera 0-0: Foul Ball, location: 2F
0-1: Fly out, F7 (Flyball, 7S)
Batting: RHB Ben Fisher 0-0: Called Strike
0-1: SINGLE (Flyball, 89S)
Batting: LHB Fred Abrams 0-0: Called Strike
0-1: Swinging Strike
0-2: Strikes out swinging
Top of the 1st over - 0 run(s), 1 hit(s), 0 error(s), 1 left on base; Red Deer 0 - Culver City 0
BOTTOM OF THE 1ST
Culver City Extras batting - Pitching for Red Deer Wranglers : RHP Alonso Costello
Pitching: RHP Alonso Costello
Batting: RHB Augusto Trevino 0-0: Called Strike
0-1: Foul Ball, location: 2F
0-2: Foul Ball, location: 2F
0-2: Strikes out swinging
Batting: LHB Brian Ford 0-0: Ball
1-0: Foul Ball, location: 2F
1-1: Reached on error, E3 (Groundball, 34)
Batting: RHB Ramón Molina 0-0: Ball
1-0: Ball
2-0: Called Strike
2-1: Called Strike
2-2: Foul Ball, location: 2F
2-2: Ball
Brian Ford steals 2nd base
3-2: Fly out, F6 (Line Drive, 6)
Batting: RHB Cooper Richard 0-0: Swinging Strike
0-1: Ball
1-1: Foul Ball, location: 2F
1-2: Strikes out swinging
Bottom of the 1st over - 0 run(s), 0 hit(s), 1 error(s), 1 left on base; Red Deer 0 - Culver City 0
TOP OF THE 2ND
Red Deer Wranglers batting - Pitching for Culver City Extras : RHP Bill Chase
Batting: LHB Russell Peck 0-0: Called Strike
0-1: Swinging Strike
0-2: DOUBLE (Line Drive, 89S)
Batting: LHB Andrew Veeck 0-0: Foul Ball, location: 2F
0-1: Ball
1-1: Foul Ball, location: 2F
1-2: Ball
2-2: Strikes out swinging
Batting: RHB Steve Burton 0-0: Swinging Strike
0-1: Ground out 4-3 (Groundball, 4)
Russell Peck to third
Batting: RHB Ricardo González 0-0: Reached on error, E6 (Groundball, 6M)
Russell Peck scores
Batting: RHB Luis Peña 0-0: Called Strike
0-1: 2-RUN HOME RUN (Flyball, 78XD), Distance : 417 ft
Batting: RHB Art Cameron 0-0: Called Strike
0-1: Swinging Strike
0-2: Ball
1-2: Strikes out swinging
Top of the 2nd over - 3 run(s), 2 hit(s), 1 error(s), 0 left on base; Red Deer 3 - Culver City 0
BOTTOM OF THE 2ND
Culver City Extras batting - Pitching for Red Deer Wranglers : RHP Alonso Costello
Batting: LHB Richard Bell 0-0: Ball
1-0: Called Strike
1-1: Swinging Strike
1-2: Ball
2-2: SINGLE (Line Drive, 8LS)
Batting: RHB Max Alexander 0-0: Ball
1-0: Ball
2-0: Foul Ball, location: 2F
2-1: Foul Ball, location: 2F
2-2: Strikes out looking
Batting: RHB Daniel Santiago 0-0: Ball
1-0: Grounds into double play, 5-4-3 (Groundball, 5)
Bottom of the 2nd over - 0 run(s), 1 hit(s), 0 error(s), 0 left on base; Red Deer 3 - Culver City 0
TOP OF THE 3RD
Red Deer Wranglers batting - Pitching for Culver City Extras : RHP Bill Chase
Batting: LHB Jorge Olvera 0-0: Ball
1-0: Ball
2-0: Ball
3-0: Base on Balls
Batting: RHB Ben Fisher 0-0: Foul Ball, location: 2F
0-1: Swinging Strike
0-2: Strikes out swinging
Batting: LHB Fred Abrams 0-0: Called Strike
Jorge Olvera steals 2nd base
0-1: Ball
1-1: Called Strike
1-2: Ball
2-2: Fly out, F4 (Line Drive, 4D)
Batting: LHB Russell Peck 0-0: Foul Ball, location: 2F
0-1: Fly out, F7 (Flyball, 7LM)
Top of the 3rd over - 0 run(s), 0 hit(s), 0 error(s), 1 left on base; Red Deer 3 - Culver City 0
BOTTOM OF THE 3RD
Culver City Extras batting - Pitching for Red Deer Wranglers : RHP Alonso Costello
Batting: RHB Shawn Gutiérrez 0-0: Fly out, F8 (Flyball, 8LD)
Batting: RHB Artie Pennington 0-0: Foul Ball, location: 2F
0-1: Foul Ball, location: 2F
0-2: Ball
1-2: Ball
2-2: Ground out 4-3 (Groundball, 4M)
Batting: RHB Augusto Trevino 0-0: Called Strike
0-1: Swinging Strike
0-2: Ball
1-2: Ball
2-2: Strikes out swinging
Bottom of the 3rd over - 0 run(s), 0 hit(s), 0 error(s), 0 left on base; Red Deer 3 - Culver City 0
TOP OF THE 4TH
Red Deer Wranglers batting - Pitching for Culver City Extras : RHP Bill Chase
Batting: LHB Andrew Veeck 0-0: Ball
1-0: Swinging Strike
1-1: Ground out 5-3 (Groundball, 56)
Batting: RHB Steve Burton 0-0: Ball
1-0: Ball
2-0: Ball
3-0: Called Strike
3-1: Base on Balls
Batting: RHB Ricardo González 0-0: Ball
Steve Burton steals 2nd base
1-0: SINGLE (Groundball, 6D)
Steve Burton to third
Runner from 3rd tries for Home, SAFE, no throw
Batting: RHB Luis Peña 0-0: Fly out, F4 (Popup, 4)
Batting: RHB Art Cameron 0-0: Reached on error, E5 (Groundball, 56S)
Ricardo González to second
Batting: LHB Jorge Olvera 0-0: Ball
1-0: Foul Ball, location: 2F
1-1: Ground out 2-3 (Groundball, 2L)
Top of the 4th over - 1 run(s), 1 hit(s), 1 error(s), 2 left on base; Red Deer 4 - Culver City 0
BOTTOM OF THE 4TH
Culver City Extras batting - Pitching for Red Deer Wranglers : RHP Alonso Costello
Batting: LHB Brian Ford 0-0: DOUBLE (Line Drive, 78M)
Batting: RHB Ramón Molina 0-0: Foul Ball, location: 2F
0-1: Called Strike
0-2: Ball
Wild Pitch!
Brian Ford to third
1-2: Ball
2-2: Ground out U3 (Groundball, 3S)
Batting: RHB Cooper Richard 0-0: Ball
1-0: DOUBLE (Line Drive, 8LD)
Brian Ford scores
Batting: LHB Richard Bell 0-0: Fly out, F7 (Flyball, 78S)
Batting: RHB Max Alexander 0-0: Ball
1-0: Called Strike
1-1: Fly out, F8 (Flyball, 78M)
Bottom of the 4th over - 1 run(s), 2 hit(s), 0 error(s), 1 left on base; Red Deer 4 - Culver City 1
TOP OF THE 5TH
Red Deer Wranglers batting - Pitching for Culver City Extras : RHP Bill Chase
Batting: RHB Ben Fisher 0-0: Foul Ball, location: 2F
0-1: Foul Ball, location: 2F
0-2: Strikes out looking
Batting: LHB Fred Abrams 0-0: Foul Ball, location: 2F
0-1: Ball
1-1: Swinging Strike
1-2: Strikes out swinging
Batting: LHB Russell Peck 0-0: Ball
1-0: Ball
2-0: Foul Ball, location: 2F
2-1: Foul Ball, location: 2F
2-2: Strikes out swinging
Top of the 5th over - 0 run(s), 0 hit(s), 0 error(s), 0 left on base; Red Deer 4 - Culver City 1
BOTTOM OF THE 5TH
Culver City Extras batting - Pitching for Red Deer Wranglers : RHP Alonso Costello
Batting: RHB Daniel Santiago 0-0: Ball
1-0: Ground out 3-1 (Groundball, 34)
Batting: RHB Shawn Gutiérrez 0-0: Ball
1-0: Called Strike
1-1: Foul Ball, location: 2F
1-2: Ball
2-2: Foul Ball, location: 2F
2-2: Ball
3-2: Strikes out swinging
Batting: RHB Artie Pennington 0-0: TRIPLE (Line Drive, 78M)
Batting: RHB Augusto Trevino 0-0: Ball
1-0: Ball
2-0: Called Strike
2-1: Ball
3-1: Base on Balls
Batting: LHB Brian Ford 0-0: Ball
1-0: Foul Ball, location: 2F
1-1: Foul Ball, location: 2F
1-2: SINGLE (Flyball, 7S)
Artie Pennington scores
Augusto Trevino to second
Batting: RHB Ramón Molina 0-0: Ball
1-0: Called Strike
1-1: Foul Ball, location: 2F
1-2: Fielders Choice at 2nd, 5-4 (Groundball, 56)
Bottom of the 5th over - 1 run(s), 2 hit(s), 0 error(s), 1 left on base; Red Deer 4 - Culver City 2
TOP OF THE 6TH
Red Deer Wranglers batting - Pitching for Culver City Extras : RHP Bill Chase
Batting: LHB Andrew Veeck 0-0: Ground out U3 (Groundball, 34)
Batting: RHB Steve Burton 0-0: Foul Ball, location: 2F
0-1: Ball
1-1: Swinging Strike
1-2: Ball
2-2: Foul Ball, location: 2F
2-2: Foul Ball, location: 2F
2-2: Foul Ball, location: 2F
2-2: Strikes out swinging
Batting: RHB Ricardo González 0-0: Foul Ball, location: 2F
0-1: Ball
1-1: Reached on error, E1 (Groundball, 13S)
Batting: RHB Luis Peña 0-0: Ball
1-0: Ball
2-0: Called Strike
2-1: Fielders Choice at 2nd, 6-4 (Groundball, 56)
Top of the 6th over - 0 run(s), 0 hit(s), 1 error(s), 0 left on base; Red Deer 4 - Culver City 2
BOTTOM OF THE 6TH
Culver City Extras batting - Pitching for Red Deer Wranglers : RHP Alonso Costello
Batting: RHB Cooper Richard 0-0: Called Strike
0-1: Swinging Strike
0-2: Ball
1-2: Foul Ball, location: 2F
1-2: Ball
2-2: Strikes out swinging
Batting: LHB Richard Bell 0-0: Fly out, F8 (Flyball, 8LM)
Batting: RHB Max Alexander 0-0: Ball
1-0: Called Strike
1-1: Ball
2-1: Swinging Strike
2-2: SOLO HOME RUN (Flyball, 7D), Distance : 359 ft
Batting: RHB Daniel Santiago 0-0: Ball
1-0: Ball
2-0: Ball
3-0: Base on Balls
Batting: RHB Shawn Gutiérrez 0-0: Called Strike
0-1: Ball
1-1: Ball
2-1: Swinging Strike
2-2: Foul Ball, location: 2F
2-2: 2-RUN HOME RUN (Flyball, 78XD), Distance : 402 ft
Batting: RHB Artie Pennington 0-0: Ball
1-0: Called Strike
1-1: Ball
2-1: Foul Ball, location: 2F
2-2: Strikes out swinging
Bottom of the 6th over - 3 run(s), 2 hit(s), 0 error(s), 0 left on base; Red Deer 4 - Culver City 5
TOP OF THE 7TH
Red Deer Wranglers batting - Pitching for Culver City Extras : RHP Bill Chase
Batting: RHB Art Cameron 0-0: Ball
1-0: Called Strike
1-1: Ball
2-1: Ball
3-1: Base on Balls
Batting: LHB Jorge Olvera 0-0: Ball
1-0: Called Strike
1-1: Called Strike
1-2: Strikes out looking
Batting: RHB Ben Fisher 0-0: Ball
1-0: Ground out 5-3 (Groundball, 5S)
Art Cameron to second
Pitching: LHP Cliff Williams
Batting: LHB Fred Abrams 0-0: Ground out 4-3 (Groundball, 4M)
Top of the 7th over - 0 run(s), 0 hit(s), 0 error(s), 1 left on base; Red Deer 4 - Culver City 5
BOTTOM OF THE 7TH
Culver City Extras batting - Pitching for Red Deer Wranglers : RHP Alonso Costello
Pitching: RHP Russell Cooper
Batting: RHB Augusto Trevino 0-0: Ball
1-0: Hit by Pitch
Pinch Hitting: LHB Benny Richard 0-0: Ball
1-0: Swinging Strike
1-1: Ball
2-1: Fielders Choice at 2nd, 3-6 (Groundball, 3)
Batting: RHB Ramón Molina 0-0: Ball
1-0: Called Strike
1-1: Foul Ball, location: 2F
1-2: Foul Ball, location: 2F
1-2: Ball
2-2: Foul Ball, location: 2F
2-2: Grounds into double play, 5-4-3 (Groundball, 56)
Bottom of the 7th over - 0 run(s), 0 hit(s), 0 error(s), 0 left on base; Red Deer 4 - Culver City 5
TOP OF THE 8TH
Red Deer Wranglers batting - Pitching for Culver City Extras : LHP Cliff Williams
Pitching: LHP Henry Brown
Now at 2B: Quincy Vance
Batting: LHB Russell Peck 0-0: Ball
1-0: Ball
2-0: Called Strike
2-1: Ground out 1-3 (Groundball, 13S)
Batting: LHB Andrew Veeck 0-0: Fly out, F9 (Flyball, 9)
Batting: RHB Steve Burton 0-0: Ball
1-0: Ball
2-0: Ball
3-0: Base on Balls
Batting: RHB Ricardo González 0-0: Ball
1-0: Swinging Strike
1-1: Swinging Strike
1-2: Strikes out swinging
Top of the 8th over - 0 run(s), 0 hit(s), 0 error(s), 1 left on base; Red Deer 4 - Culver City 5
BOTTOM OF THE 8TH
Culver City Extras batting - Pitching for Red Deer Wranglers : RHP Russell Cooper
Batting: RHB Cooper Richard 0-0: Foul Ball, location: 2F
0-1: Fly out, F5 (Flyball, 5D)
Batting: LHB Richard Bell 0-0: Foul Ball, location: 2F
0-1: Ball
1-1: Ball
2-1: DOUBLE (Groundball, 5L)
Pinch Hitting: RHB Tony Cruz 0-0: Intentional Walk
Pinch Hitting: RHB Ben Alexander 0-0: Called Strike
0-1: Ball
1-1: Ball
2-1: Ground out 5-3 (Groundball, 56)
Richard Bell to third
Tony Cruz to second
Batting: RHB Shawn Gutiérrez 0-0: Ball
1-0: Ball
2-0: Called Strike
2-1: Swinging Strike
2-2: 3-RUN HOME RUN (Flyball, 7D), Distance : 362 ft
Pitching: RHP Michael Walton
Batting: RHB Artie Pennington 0-0: Ball
1-0: Ball
2-0: Ball
3-0: Base on Balls
Batting: RHB Augusto Trevino 0-0: Ball
1-0: Ball
2-0: Ball
3-0: Base on Balls
Artie Pennington to second
Batting: RHB Quincy Vance 0-0: Ball
1-0: Called Strike
1-1: Ball
2-1: Fly out, F9 (Flyball, 89D)
Bottom of the 8th over - 3 run(s), 2 hit(s), 0 error(s), 2 left on base; Red Deer 4 - Culver City 8
TOP OF THE 9TH
Red Deer Wranglers batting - Pitching for Culver City Extras : LHP Henry Brown
Pitching: RHP Von Hicks
Now at 1B: Ben Alexander
Now in LF: Buddy Rice
Batting: RHB Luis Peña 0-0: Foul Ball, location: 2F
0-1: Foul Ball, location: 2F
0-2: Ground out 6-3 (Groundball, 56)
Batting: RHB Art Cameron 0-0: Swinging Strike
0-1: Called Strike
0-2: Ball
1-2: Strikes out swinging
Batting: LHB Jorge Olvera 0-0: Foul Ball, location: 2F
0-1: Foul Ball, location: 2F
0-2: Foul Ball, location: 2F
0-2: Ground out 4-3 (Groundball, 4)
Top of the 9th over - 0 run(s), 0 hit(s), 0 error(s), 0 left on base; Red Deer 4 - Culver City 8
Thursday, March 30th, 2017 - OOTP Baseball 17.12 Build 75